 Dungeon Crawl Stone Soup version 0.19.0-9-gfd783f2 (webtiles) character file.

107 Kullungy the Shield-Bearer (level 4, 0/40 HPs)
             Began as a Minotaur Fighter on Nov 7, 2016.
             Was an Initiate of Ashenzari.
             Slain by an orc wizard
             ... wielding a +1 dagger of electrocution
              (12 damage)
             ... on level 3 of the Dungeon.
             The game lasted 00:08:46 (1469 turns).

Kullungy the Shield-Bearer (Minotaur Fighter)       Turns: 1469, Time: 00:08:47

Health: 0/40       AC: 10    Str: 22    XL:     4   Next: 57%
Magic:  3/3        EV:  8    Int:  5    God:    Ashenzari [......]
Gold:   82         SH:  9    Dex:  9    Spells: 0 memorised, 3 levels left

rFire  . . .     SeeInvis .     h - +0 mace
rCold  . . .     Gourm    .     b - +0 scale mail
rNeg   . . .     Faith    .     c - +0 shield
rPois  .         Spirit   .     (helmet restricted)
rElec  .         Reflect  .     (no cloak)
rCorr  .         Harm     .     (no gloves)
MR     .....                    r - +2 pair of boots
Stlth  ..........               (no amulet)
                                (no ring)
                                (no ring)

@: no status effects
A: retaliatory headbutt, horns 2
a: Curse Item, Renounce Religion


You were on level 3 of the Dungeon.
You worshipped Ashenzari.
Ashenzari was noncommittal.
You were not hungry.

You visited 1 branch of the dungeon, and saw 3 of its levels.

You collected 82 gold pieces.

Inventory:

Hand Weapons
 a - a +0 flail
 f - a +0 whip
 h - a +0 mace (weapon)
 m - a +0 spear
 u - a +0 dagger
 B - a +0 flail
Missiles
 i - 95 stones (quivered)
 p - 27 poisoned needles
 s - 26 arrows
 x - 32 sling bullets
 A - 3 needles of confusion
Armour
 b - a +0 scale mail (worn)
 c - a +0 shield (worn)
 g - a +0 leather armour
 r - a +2 pair of boots (worn)
 v - a +0 buckler
 C - a +0 ring mail
Scrolls
 n - a scroll of magic mapping {unknown}
 o - a scroll of remove curse
 q - a scroll of teleportation {unknown}
 t - 2 scrolls of immolation {unknown}
 w - a scroll of enchant weapon {unknown}
 y - a scroll of identify {unknown}
Potions
 d - 2 potions of might
 e - 4 potions of curing {unknown}
 k - 2 potions of heal wounds {unknown}
 l - 2 potions of magic {unknown}
Comestibles
 j - 2 meat rations
 z - 8 chunks of flesh


   Skills:
 + Level 3.9 Fighting
 + Level 3.5 Maces & Flails
 + Level 4.4 Armour
 + Level 0.7 Dodging
 + Level 0.1 Stealth
 + Level 4.8 Shields


You had 3 spell levels left.
You didn't know any spells.

Dungeon Overview and Level Annotations

Branches:
Dungeon (3/15)

Altars:
Ashenzari
Gozag
Nemelex Xobeh


Innate Abilities, Weirdness & Mutations

You reflexively headbutt those who attack you in melee.
You have a pair of horns on your head.


Message History

You barely miss the orc. You headbutt the orc.
The orc is heavily wounded.
You block the bat's attack. The bat hits you but does no damage.
The orc hits you but does no damage. Something hits you but does no damage.
The rat barely misses you.
The orc hits you with an enchanted flail.
Something hits you.
You hit the orc. You headbutt the orc.
You kill the orc!
The bat hits you.
The orc wizard hits you but does no damage.
You block the rat's attack. The orc wizard barely misses you.
Something hits you. The frilled lizard bites you.
* * * LOW HITPOINT WARNING * * *
You hit the orc wizard.
The orc wizard is severely wounded.
You block the bat's attack.
The orc wizard hits you but does no damage.
You are electrocuted!
You die...

........# ......... .
#........ #. ###..o....#
#%. ....o... # #.. .oK..
.# #...##rl###.###
#....{@b.........#..
######o..###........
##.............
#...##........
#....##....... ########
####.#..........#
#......###................
#.................)......#
#.......##........#.......


You could see 2 orc wizards, 2 orcs, a bat, a kobold, a frilled lizard and a
rat.

Vanquished Creatures
  A gnoll (D:2)
  2 adders (D:2)
  An ooze (D:1)
  A worm (D:2)
  3 dart slugs
  A leopard gecko (D:2)
  5 orcs (D:3)
  2 ball pythons
  7 bats
  3 giant cockroaches
  4 goblins
  6 hobgoblins
  7 jackals
  2 quokkas (D:2)
  4 frilled lizards
  5 kobolds
  4 rats
58 creatures vanquished.

Notes
Turn   | Place    | Note
-------+----------+-------------------------------------------
     0 | D:1      | Kullungy the Minotaur Fighter began the quest for the Orb.
     0 | D:1      | Reached XP level 1. HP: 19/19 MP: 0/0
   266 | D:1      | Reached XP level 2. HP: 22/27 MP: 1/1
   412 | D:1      | Reached XP level 3. HP: 30/33 MP: 2/2
   717 | D:2      | Found an opulent altar of Gozag.
   848 | D:2      | Found a shattered altar of Ashenzari.
   914 | D:2      | Became a worshipper of Ashenzari the Shackled
  1072 | D:2      | Found a sparkling altar of Nemelex Xobeh.
  1182 | D:2      | Reached XP level 4. HP: 40/40 MP: 3/3
  1469 | D:3      | Slain by an orc wizard

Skill      XL: |  1  2  3 |
---------------+----------+-----
Armour         | 4 |  4.4
Shields        | 4 |  4.8
Maces & Flails | 3 |  3.5
Fighting       | |  3.9
Dodging        | |  0.7
Stealth        | |  0.1

Action                   |  1- 3 |  4- 6 || total
-------------------------+-------+-------++-------
Melee: Mace              |    92 |    43 ||   135
       Headbutt          |    15 |     4 ||    19
       Flail             |     2 |       ||     2
  Eat: Bread ration      |     1 |       ||     1
Armor: Scale mail        |    60 |    39 ||    99
Dodge: Dodged            |    35 |    20 ||    55
Block: Shield            |    68 |    44 ||   112
